 Dungeon Crawl Stone Soup version 0.22-a0-348-gd16d1391c7 (webtiles) character file.

1238 Laan the Purveyor of Pain (level 8, -1/52 HPs)
             Began as a Mummy Necromancer on Apr 12, 2018.
             Was an Initiate of Kikubaaqudgha.
             Slain by a two-headed ogre
             ... wielding a +0 giant spiked club
              (17 damage)
             ... on level 8 of the Dungeon.
             The game lasted 00:13:16 (7714 turns).

Laan the Purveyor of Pain (Mummy Necromancer)       Turns: 7714, Time: 00:13:16

Health: -1/52      AC:  9    Str: 11    XL:     8   Next: 25%
Magic:  11/18      EV: 13    Int: 16    God:    Kikubaaqudgha [......]
Gold:   283        SH:  0    Dex: 13    Spells: 20/21 levels left

rFire    x . .     SeeInvis .   q - +1 rapier (flame)
rCold    + . .     Gourm    .   (no shield)
rNeg     + + +     Faith    .   k - +5 leather armour of the Poles {+Fly rN+}
rPois    ∞         Spirit   .   (no helmet)
rElec    .         Reflect  .   t - +0 cloak
rCorr    .         Harm     .   (no gloves)
MR       +....                  (no boots)
Stlth    ++........             (no amulet)
HPRegen  0.17/turn              f - ring of wizardry
MPRegen  0.16/turn              u - +2 ring of evasion

@: no status effects
A: no food or potions, fire vulnerability, cold resistance 1, negative energy
resistance 3, torment resistance, unbreathing
a: Renounce Religion, Evoke Flight


You were on level 8 of the Dungeon.
You worshipped Kikubaaqudgha.
Kikubaaqudgha was noncommittal.
You were not hungry.

You visited 2 branches of the dungeon, and saw 9 of its levels.

You collected 283 gold pieces.

Inventory:

Hand Weapons
 h - a +0 glaive
 i - a cursed -3 dagger
 l - a +0 great sword
 q - a +1 rapier of flaming (weapon)
Armour
 k - the +5 leather armour of the Poles (worn) {+Fly rN+}
   (You found it on level 6 of the Dungeon)

   It protects you from negative energy.
   It lets you fly.
 n - the +8 orange crystal plate armour {Archmagi, Int+3 Clar}
   (You found it on level 6 of the Dungeon)

   It affects your intelligence (+3).
   It protects you against confusion.
 t - a +0 cloak (worn)
Jewellery
 f - a ring of wizardry (left hand)
 u - a +2 ring of evasion (right hand)
Wands
 a - a wand of random effects (28)
 e - a wand of polymorph (5)
 j - a wand of flame (26)
 m - a wand of acid (2)
 o - a wand of digging (17)
 r - a wand of iceblast (3)
Scrolls
 b - 2 scrolls of enchant armour {unknown}
 c - 7 scrolls of teleportation
 d - 13 scrolls of identify
 g - 2 scrolls of amnesia
 p - a scroll of magic mapping
 s - 3 scrolls of remove curse


   Skills:
 - Level 1.5 Dodging
 - Level 1.5 Stealth
 + Level 7.3 Spellcasting
 * Level 9.1 Necromancy


You had 20 spell levels left.
You knew the following spells:

 Your Spells              Type           Power        Failure   Level  Hunger
a - Pain                  Necr           ####         1%          1    N/A

Dungeon Overview and Level Annotations

Branches:
Dungeon (8/15)             Temple (1/1) D:4
   Lair: D:8-11

Altars:
Ashenzari
Cheibriados
Elyvilon
Gozag
Hepliaklqana
Kikubaaqudgha
Nemelex Xobeh
Okawaru
Qazlal
Ru
Sif Muna
Trog
Uskayaw
Vehumet
Wu Jian
Xom

Annotations:
D:2 Grinder
D:8 Prince Ribbit


Innate Abilities, Weirdness & Mutations

You do not eat or drink.
Your flesh is vulnerable to fire.
You are immune to poison.
Your flesh is cold resistant. (rC+)
You are immune to negative energy. (rN+++)
You are immune to unholy pain and torment.
You can survive without breathing.


Message History

Press: ? - help, Shift-Dir - straight line, f/p - two-headed ogre
Aim: a two-headed ogre, wielding a giant spiked club and a giant club (lightly wounded, chance to defeat MR: 71%)
The two-headed ogre struggles to resist.
The two-headed ogre barely misses you. x2
Casting: Pain (safe; 1% risk of failure)
Confirm with . or Enter, or press ? or * to list all spells.
Aiming: Pain (safe; 1% risk of failure)
Press: ? - help, Shift-Dir - straight line, f/p - two-headed ogre
Aim: a two-headed ogre, wielding a giant spiked club and a giant club (lightly wounded, chance to defeat MR: 71%)
The two-headed ogre writhes in agony!
Casting: Pain (safe; 1% risk of failure)
Confirm with . or Enter, or press ? or * to list all spells.
Aiming: Pain (safe; 1% risk of failure)
Press: ? - help, Shift-Dir - straight line, f/p - two-headed ogre
Aim: a two-headed ogre, wielding a giant spiked club and a giant club (moderately wounded, chance to defeat MR: 71%)
The two-headed ogre writhes in agony!
The two-headed ogre hits you with a giant spiked club!
The two-headed ogre hits you with a giant club!
You die...
Kikubaaqudgha rasps: "You have failed me!
Welcome... oblivion!"

# .# #
########.##### #.
##.............
#.#
#..####.####.##
...##..##.....##.#
#.....#.......#.#
#. #...#(......#.#
...
#......._...@.#
..#
#...#.......#O#
#.#
###.#.......#..#
#.#
#.##.....##....
#.# ##.####.###
..#..
#.####.........
.....#
.........###....
..#.## #.######.#
## ###. . #.# #.#
..


You could see a two-headed ogre.

Vanquished Creatures
  A hungry ghost (D:7)
  An ice beast (D:6)
  2 ogres
  A centaur (D:7)
  A bullfrog (D:6)
  A crimson imp (D:7)
  A centaur zombie (D:7)
  2 hounds (D:4)
  A jelly (D:4)
  2 iguanas (D:7)
  Jessica (D:2)
  6 worker ants
  3 orc wizards (D:7)
  2 hound zombies
  3 gnolls (D:4)
  7 adders
  A shadow imp (D:8)
  A worm (D:2)
  4 dart slugs
  5 leopard geckos
  13 orcs
  10 bats
  2 giant cockroaches (D:3)
  8 goblins
  5 hobgoblins
  2 jackals (D:5)
  6 kobolds
  5 quokkas
  2 ball pythons
  A ball python skeleton (D:4)
  6 frilled lizards
  5 rats
111 creatures vanquished.

Notes
Turn   | Place    | Note
-------+----------+-------------------------------------------
     0 | D:1      | Laan the Mummy Necromancer began the quest for the Orb.
     0 | D:1      | Reached XP level 1. HP: 13/13 MP: 4/4
   271 | D:1      | Reached XP level 2. HP: 19/19 MP: 4/6
  1474 | D:2      | Found a faded altar of an unknown god.
  1514 | D:2      | Reached XP level 3. HP: 24/24 MP: 1/7
  1649 | D:2      | Noticed Jessica
  1655 | D:2      | Killed Jessica
  1655 | D:2      | Reached skill level 5 in Necromancy
  1735 | D:2      | Reached XP level 4. HP: 30/30 MP: 4/9
  1952 | D:2      | Found a sacrificial altar of Ru.
  2204 | D:3      | Noticed a yak
  2372 | D:3      | Noticed Grinder
  2800 | D:3      | Found a snail-covered altar of Cheibriados.
  3158 | D:4      | Noticed a phantom
  3190 | D:4      | Reached XP level 5. HP: 35/35 MP: 7/11
  3283 | D:4      | Reached skill level 6 in Necromancy
  3450 | D:5      | Entered Level 5 of the Dungeon
  4115 | D:4      | Reached XP level 6. HP: 41/41 MP: 10/13
  4120 | D:4      | Reached skill level 5 in Spellcasting
  4530 | D:4      | Found an iron altar of Okawaru.
  4574 | D:4      | Found a staircase to the Ecumenical Temple.
  4579 | Temple   | Entered the Ecumenical Temple
  4701 | Temple   | Became a worshipper of Kikubaaqudgha
  4874 | D:5      | Found an opulent altar of Gozag.
  4987 | D:5      | Noticed an orc warrior
  5107 | D:6      | Found a shattered altar of Ashenzari.
  5142 | D:6      | Got a twisted leather armour
  5143 | D:6      | Identified the +5 leather armour of the Poles {+Fly rN+} (You found it on level 6 of the Dungeon)
  5193 | D:6      | Found the +8 orange crystal plate armour {Archmagi, Int+3 Clar}
  5200 | D:6      | Reached skill level 7 in Necromancy
  5339 | D:6      | Reached XP level 7. HP: 29/46 MP: 15/15
  5464 | D:6      | You fall through a shaft!
  6122 | D:7      | Found a shimmering altar of Xom.
  6574 | D:7      | Reached skill level 8 in Necromancy
  6593 | D:7      | Found a bloodstained altar of Trog.
  6995 | D:7      | Found a shimmering altar of Xom.
  7166 | D:7      | Noticed a hungry ghost
  7194 | D:6      | Reached XP level 8. HP: 32/52 MP: 12/18
  7397 | D:7      | Reached skill level 9 in Necromancy
  7531 | D:8      | Noticed Prince Ribbit
  7691 | D:8      | Found a hide-covered altar of Uskayaw.
  7705 | D:8      | Noticed a two-headed ogre
  7714 | D:8      | Slain by a two-headed ogre

Vault maps used:
D:1:      lightli_arrival_windingriver
D:2:      hangedman_ru_absence, chequers_ecumenical_altar_island, uniq_jessica
D:3:      kennysheep_slug_shrine, first_ration, lightli_corner_chamber,
          uniq_grinder
D:4:      okawaru_altar_gauntlet_db, temple_statues
D:5:      nicolae_ossuary_entry_ruins, basic_altar
D:6:      ashenzari_conservatory_becter, hangedman_decor_lopped
D:7:      xom_butterflies, kennysheep_mini, xom_teletrap_fun
D:8:      old_standard_altar, the_bakery, uniq_prince_ribbit1, uniq_gastronok
Temple:   nicolae_temple_figure_eight

Skill      XL: |  1  2  3  4  5  6  7  8 |
---------------+-------------------------+-----
Spellcasting   | 3 4 5 7 |  7.3
Necromancy     | 5 6 7 8 9 |  9.1
Dodging        | |  1.5
Stealth        | |  1.5

Action                   |  1- 3 |  4- 6 |  7- 9 || total
-------------------------+-------+-------+-------++-------
Melee: Dagger            |     3 |    56 |    94 ||   153
       Rapier            |       |       |    25 ||    25
 Cast: Pain              |    63 |   165 |    67 ||   295
Evoke: Wand              |       |     1 |     6 ||     7
  Use: Scroll            |     5 |     3 |     2 ||    10
Armor: Robe              |     3 |     9 |       ||    12
       Leather armour    |       |    13 |    47 ||    60
       Crystal plate arm |       |       |    35 ||    35
Dodge: Dodged            |     9 |    80 |    73 ||   162

Table legend:
 A = Spawn XP
 B = Non-spawn XP
 C = Spawn XP percentage of total XP
 D = Spawn monster count
 E = Non-spawn monster count
 F = Spawn count percentage of total count
 G = Total turns spent on level
                    A         B        C        D         E        F      G
               +---------+---------+-------+---------+---------+-------+---------
         Total |       0 |    1769 |   0.0 |       0 |     111 |   0.0 |  7714
               +---------+---------+-------+---------+---------+-------+---------
           D:1 |       0 |      34 |   0.0 |       0 |      20 |   0.0 |  1236
           D:2 |       0 |     102 |   0.0 |       0 |      18 |   0.0 |  1170
           D:3 |       0 |      56 |   0.0 |       0 |      21 |   0.0 |  1100
           D:4 |       0 |     353 |   0.0 |       0 |      25 |   0.0 |  1147
           D:5 |       0 |       7 |   0.0 |       0 |       4 |   0.0 |   208
           D:6 |       0 |     402 |   0.0 |       0 |       6 |   0.0 |  1076
           D:7 |       0 |     804 |   0.0 |       0 |      16 |   0.0 |  1444
           D:8 |       0 |      11 |   0.0 |       0 |       1 |   0.0 |   184
               +---------+---------+-------+---------+---------+-------+---------
